 Dungeon Crawl Stone Soup version 0.24-a0-528-g98e85ec62a (webtiles) character file.

Game seed: 7288984761965829805

1126 Froggeryz the Chiller (level 8, 0/64 HPs)
             Began as a Naga Ice Elementalist on Aug 6, 2019.
             Was an Initiate of Vehumet.
             Hit by a silver boomerang thrown by an orc warrior (6 damage)
             ... on level 5 of the Dungeon.
             The game lasted 00:11:06 (5369 turns).

Froggeryz the Chiller (Naga Ice Elementalist)       Turns: 5369, Time: 00:11:08

Health: 0/64       AC:  8    Str: 11    XL:     8   Next: 35%
Magic:  13/17      EV: 10    Int: 17    God:    Vehumet [......]
Gold:   129        SH:  0    Dex: 12    Spells: 15/19 levels left

rFire    . . .     SeeInvis +   f - +2 whip (elec)
rCold    . . .     Gourm    .   (no shield)
rNeg     . . .     Faith    .   a - +0 robe
rPois    +         Spirit   .   (no helmet)
rElec    .         Reflect  .   (no cloak)
rCorr    .         Harm     .   y - +0 pair of gloves (curse)
MR       +....                  d - +0 naga barding
Stlth    ++........             (no amulet)
HPRegen  0.20/turn              (no ring)
MPRegen  0.15/turn              b - +2 ring of evasion

@: very slow
A: large, see invisible, deformed body, poison resistance, slowness 2, slow
metabolism 1, spit poison 1, AC +2
a: Spit Poison, Renounce Religion


You were on level 5 of the Dungeon.
You worshipped Vehumet.
Vehumet was noncommittal.
You were near starving.

You visited 2 branches of the dungeon, and saw 7 of its levels.

You collected 159 gold pieces.
You spent 30 gold pieces at shops.

Inventory:

Hand Weapons
 f - a +2 whip of electrocution (weapon)
Armour
 a - a +0 robe (worn)
 d - a +0 naga barding (worn)
 y - a cursed +0 pair of gloves (worn)
Jewellery
 b - a +2 ring of evasion (right hand)
Wands
 k - a wand of digging (13)
 l - a wand of clouds (6)
 r - a wand of enslavement (8)
 s - a wand of scattershot (7)
 w - a wand of random effects (17)
Scrolls
 g - a scroll of remove curse
 h - 3 scrolls of teleportation
 n - a scroll of enchant weapon
Potions
 e - a potion of might
 j - a potion of cancellation
 o - 2 potions of flight
 q - a potion of brilliance
 u - 3 potions of curing
 v - a potion of berserk rage
Comestibles
 c - 7 rations


   Skills:
 - Level 1.1 Fighting
 - Level 3.1 Maces & Flails
 - Level 1.5 Dodging
 - Level 3.0 Stealth
 + Level 6.0 Spellcasting
   Level 1.0 Conjurations
 - Level 7.0 Ice Magic


You had 15 spell levels left.
You knew the following spells:

 Your Spells              Type           Power        Failure   Level  Hunger
a - Freeze                Ice            ####         1%          1    None
b - Ozocubu's Armour      Chrm/Ice       ###.....     9%          3    ##.....

Your spell library contained the following spells:

 Spells                   Type           Power        Failure   Level  Hunger
 Throw Frost              Conj/Ice       ###...       3%          2    None
 Throw Icicle             Conj/Ice       ###.....     24%         4    ####...
 Summon Ice Beast         Ice/Summ       ###.....     30%         4    ####...


Dungeon Overview and Level Annotations

Branches:
Dungeon (6/15)             Temple (1/1) D:5

Altars:
Ashenzari
Cheibriados
Fedhas
Gozag
Kikubaaqudgha
Makhleb
Okawaru
Sif Muna
Trog
Vehumet
Wu Jian
Zin

Shops:
D:4 !

Annotations:
D:3 3 runed translucent doors, Crazy Yiuf; Grinder; happy's ghost, amateur OpWn


Innate Abilities, Weirdness & Mutations

You cannot wear boots.
Your serpentine skin is tough. (AC +2)
You have supernaturally acute eyesight. (SInv)
Armour fits poorly on your strangely shaped body.
Your system is resistant to poisons. (rPois)
You cover ground very slowly.
You have a slow metabolism.
You can spit poison.


Message History

Evoke which item? (* to show all) (? for menu, Esc to quit)
Aiming: Random Effects
Press: ? - help, Shift-Dir - straight line, f/p - orc warrior
Aim: an orc warrior, wielding a +0 long sword and wearing a +0 plate armour (heavily wounded, poisoned)
The fireball explodes!
The fireball engulfs the orc warrior but does no damage.
The orc warrior is heavily wounded.
The orc warrior throws a silver boomerang.
The silver boomerang hits you!
The weapon returns to the orc warrior!
Evoke which item? (* to show all) (? for menu, Esc to quit)
Aiming: Corrosive Bolt
Press: ? - help, Shift-Dir - straight line, f/p - orc warrior
Aim: an orc warrior, wielding a +0 long sword and wearing a +0 plate armour (heavily wounded, poisoned)
The bolt of acid misses the orc warrior.
The now-empty wand crumbles to dust.
You have got your breath back.
The orc warrior throws a silver boomerang.
The silver boomerang hits you!
* * * LOW HITPOINT WARNING * * *
You die...

#..........#...## #.##.# #.#
#.#########>....# #.##.###^#
#.# ##...## #.##..##.# #.#
##)## #.###.##.# #.# #.#
#........# ####.##### #o#
#####.#### #.......<# ##+##
#.# #.##.###.# ##...## #.#
#.##.###.# ##..@..## ###.#
#.##.#.#.# ##.......## ##.#†#
#.##.....###.........####....#
...........+.........+.......#
#.##.....###....o....####....#
#........####.......## ##.#.#
...........###.....## ###.##
.#.#...###.# ##...## ##...##
.#.###.# #.# ##'#######
#.....#


You could see an orc warrior.

Vanquished Creatures
  Sigmund (D:4)
  2 ogres
  A bullfrog (D:5)
  A scorpion (D:5)
  A howler monkey (D:5)
  A jelly (D:5)
  An orc priest (D:3)
  2 bullfrog skeletons (D:4)
  4 hounds
  Terence (D:3)
  Ijyb (D:3)
  An orc wizard (D:3)
  5 worker ants
  A gnoll (D:4)
  9 adders
  A shadow imp (D:5)
  An ooze (D:5)
  An adder zombie (D:5)
  3 worms
  3 dart slugs
  5 leopard geckos
  11 orcs
  2 ball pythons
  5 bats
  9 giant cockroaches (D:2)
  10 hobgoblins
  8 kobolds
  6 quokkas
  10 frilled lizards
  5 goblins
  2 leopard gecko skeletons
  4 rats
  A fungus (D:3)
119 creatures vanquished.

Vanquished Creatures (collateral kills)
  An orc (D:5)
1 creature vanquished.

Grand Total: 120 creatures vanquished

Notes
Turn   | Place    | Note
-------+----------+-------------------------------------------
     0 | D:1      | Froggeryz the Naga Ice Elementalist began the quest for the
                  | Orb.
     0 | D:1      | Reached XP level 1. HP: 15/15 MP: 3/3
   525 | D:1      | Reached XP level 2. HP: 13/22 MP: 5/5
   826 | D:1      | You fall into a shaft and drop 1 floor!
   868 | D:2      | Reached XP level 3. HP: 26/28 MP: 3/6
   919 | D:2      | Reached skill level 4 in Ice Magic
  1074 | D:2      | Reached XP level 4. HP: 31/36 MP: 8/8
  1310 | D:2      | Noticed a phantom
  1951 | D:3      | Reached skill level 5 in Ice Magic
  1951 | D:3      | Reached XP level 5. HP: 28/42 MP: 6/9
  2118 | D:3      | Found a runed translucent door.
  2130 | D:3      | Noticed happy's ghost (amateur OpWn)
  2577 | D:3      | Noticed Ijyb
  2606 | D:3      | Killed Ijyb
  2812 | D:3      | Noticed Terence
  2820 | D:3      | Killed Terence
  2820 | D:3      | Reached skill level 6 in Ice Magic
  2820 | D:3      | Reached XP level 6. HP: 37/49 MP: 10/10
  2949 | D:3      | Found a runed translucent door.
  3192 | D:3      | Found a runed translucent door.
  3192 | D:3      | Noticed Grinder
  3193 | D:3      | Noticed Crazy Yiuf
  3438 | D:4      | Learned a level 3 spell: Ozocubu's Armour
  3540 | D:4      | Reached skill level 7 in Ice Magic
  3542 | D:4      | Found Ubehisul's Distillery.
  3550 | D:4      | Bought a potion of curing for 30 gold pieces
  3870 | D:4      | Reached XP level 7. HP: 32/56 MP: 10/12
  3884 | D:4      | Reached skill level 1 in Fighting
  4107 | D:4      | Reached skill level 1 in Maces & Flails
  4214 | D:4      | Noticed Sigmund
  4222 | D:4      | Killed Sigmund
  4397 | D:5      | Entered Level 5 of the Dungeon
  4470 | D:5      | Found a staircase to the Ecumenical Temple.
  4477 | D:5      | Found a deep blue altar of Sif Muna.
  4477 | D:5      | Found a shattered altar of Ashenzari.
  4483 | Temple   | Entered the Ecumenical Temple
  4502 | Temple   | Became a worshipper of Vehumet
  4586 | D:5      | Reached XP level 8. HP: 44/64 MP: 11/15
  4593 | D:5      | Found an ornate altar of the Wu Jian Council.
  4603 | D:5      | Found an ancient bone altar of Kikubaaqudgha.
  4696 | D:5      | Found a blossoming altar of Fedhas.
  4847 | D:5      | Reached skill level 5 in Spellcasting
  5369 | D:5      | Hit by a silver boomerang thrown by an orc warrior

Levels and vault maps discovered:
D:1:      lightli_arrival_lavapool, layout_loops_ring
D:2:      minmay_roachtagon, layout_rooms, tgw_xom
D:3:      layout_loops_ring, ebering_ghost_sewer_f, uniq_crazy_yiuf_cottage,
          uniq_terence, uniq_grinder, uniq_ijyb
D:4:      layout_basic, first_ration, serial_shops, shop, minmay_between,
          uniq_sigmund
D:5:      layout_loops_corners, lemuel_round_altar,
          chequers_temple_overflow_statue_of_worship,
          minmay_temple_entry_statues_fountains
D:6:      layout_cave_pools, serial_co_window_serial, co_window_cross_1,
          co_window_of_opportunity_a, co_window_corner_a, co_window_paths_a,
          co_window_corner_a, co_window_of_opportunity_c, co_window_corner_cb,
          co_window_corner_b, co_window_paths_e, co_window_4corner_a,
          serial_shops, nicolae_shop_overgrown_old_shop
Temple:   nicolae_temple_god_jail

Skill      XL: |  1  2  3  4  5  6  7  8 |
---------------+-------------------------+-----
Ice Magic      | 4 5 6 7 |  7.0
Spellcasting   | 3 4 6 |  6.0
Fighting       | 1 |  1.1
Maces & Flails | 3 |  3.1
Dodging        | |  1.5
Stealth        | |  3.0
Conjurations   | |  1.0

Action                   |  1- 3 |  4- 6 |  7- 9 || total
-------------------------+-------+-------+-------++-------
Melee: Short sword       |    21 |       |       ||    21
       Whip              |    62 |   193 |    93 ||   348
 Cast: Freeze            |    11 |    16 |    12 ||    39
       Ozocubu's Armour  |       |       |     6 ||     6
 Abil: Spit Poison       |     4 |    11 |    12 ||    27
Evoke: Wand              |       |     3 |     3 ||     6
  Use: Scroll            |     2 |     3 |     5 ||    10
       Potion            |       |     2 |     1 ||     3
 Stab: Sleeping          |     1 |     5 |     8 ||    14
  Eat: Chunk             |       |     8 |     4 ||    12
Armor: Robe              |    51 |   123 |    33 ||   207
Dodge: Dodged            |    57 |   106 |    44 ||   207

Table legend:
 A = Non-vault XP
 B = Vault XP
 C = Vault XP percentage of total XP
 D = Non-vault monster count
 E = Vault monster count
 F = Vault count percentage of total count
                 A         B        C        D         E       F
            +---------+---------+-------+---------+---------+-------
      Total |    1233 |     376 |  23.4 |     103 |      16 |  13.4
            +---------+---------+-------+---------+---------+-------
        D:1 |      35 |       0 |   0.0 |      19 |       0 |   0.0
        D:2 |      88 |      18 |  17.0 |      20 |       9 |  31.0
        D:3 |     265 |      74 |  21.8 |      30 |       2 |   6.2
        D:4 |     321 |     284 |  46.9 |      15 |       5 |  25.0
        D:5 |     484 |       0 |   0.0 |      18 |       0 |   0.0
        D:6 |      40 |       0 |   0.0 |       1 |       0 |   0.0
            +---------+---------+-------+---------+---------+-------
